 Dungeon Crawl Stone Soup version 0.18.1-48-g4cf74bf (webtiles) character file.

912 Lennu the Conjurer (level 7, -3/51 HPs)
             Began as a Demonspawn Conjurer on July 11, 2016.
             Hit by a stone thrown by an orc warrior (14 damage)
             ... on level 5 of the Dungeon.
             The game lasted 00:25:31 (8493 turns).

Lennu the Conjurer (Demonspawn Conjurer)            Turns: 8493, Time: 00:25:31

Health: -3/51      AC: 10    Str:  8    XL:     7   Next: 82%
Magic:  5/12       EV: 13    Int: 19    God:
Gold:   304        SH:  0    Dex: 13    Spells: 2 memorised, 9 levels left

rFire  . . .     SeeInvis +     p - +3 short sword (speed)
rCold  . . .     Gourm    .     d - +1 leather armour
rNeg   . . .     Faith    .     (no shield)
rPois  .         Spirit   .     i - +2 hat
rElec  +         Dismiss  .     (no cloak)
rCorr  .         Reflect  .     (no gloves)
SustAt .         Harm     .     (no boots)
MR     .....                    (no amulet)
Stlth  ++........               (no ring)
                                r - ring of see invisible

@: not resistant to hostile enchantments, unstealthy
A: antennae 1, thin metallic scales 3
a: no special abilities


You were on level 5 of the Dungeon.
You were not hungry.

You visited 2 branches of the dungeon, and saw 6 of its levels.

You collected 304 gold pieces.

Inventory:

Hand Weapons
 g - a +0 club
 p - a +3 short sword of speed (weapon)
Armour
 a - a +0 robe
 d - a +1 leather armour (worn)
 i - a +2 hat (worn)
 x - a +2 helmet
Jewellery
 r - a ring of see invisible (left hand)
Scrolls
 e - 2 scrolls of identify
 h - 4 scrolls of remove curse
 j - a scroll of teleportation
 k - 4 scrolls of random uselessness
 l - a scroll of blinking
 m - a scroll of fear
 t - 2 scrolls of fog
Potions
 f - 3 potions of heal wounds
 q - 3 potions of curing
 w - a potion of agility
Books
 b - a book of Conjurations

   Spells                             Type                      Level
   a - Magic Dart                     Conjuration                  1
   b - Searing Ray                    Conjuration                  2
   c - Dazzling Spray                 Conjuration/Hexes            3
   d - Fulminant Prism                Conjuration/Hexes            4
   e - Iskenderun's Mystic Blast      Conjuration                  4
   f - Iskenderun's Battlesphere      Conjuration/Charms           5
Comestibles
 n - 2 slices of pizza


   Skills:
 * Level 2.6 Fighting
 - Level 0.5 Short Blades
 * Level 3.2 Armour
 * Level 3.8 Dodging
 - Level 1.9 Stealth
 + Level 3.5 Spellcasting
 * Level 6.7 Conjurations
 + Level 0.2 Hexes


You had 9 spell levels left.
You knew the following spells:

 Your Spells              Type           Power        Failure   Level  Hunger
a - Magic Dart            Conj           ####         1%          1    None
b - Dazzling Spray        Conj/Hex       ###...       17%         3    ###....


Dungeon Overview and Level Annotations

Branches:
Dungeon (5/15)             Temple (1/1) D:5

Altars:
Ashenzari
Cheibriados
Dithmenos
Fedhas
Gozag
Kikubaaqudgha
Qazlal
Ru
Trog
Yredelemnul
Zin
The Shining One


Innate Abilities, Weirdness & Mutations

You have a pair of small antennae on your head.
You are completely covered in thin metallic scales (AC +4, rElec).


Message History

The orc warrior throws a stone.
The stone closely misses you.
The orc warrior throws a stone.
The stone hits you.
The orc warrior throws a stone.
The stone misses you.
You see here a stone.
Your magical contamination has completely faded away.
The orc warrior throws a stone.
The stone barely misses you.
You see here a stone.
The orc warrior throws a stone.
The stone hits you.
You see here 2 stones.
The orc warrior throws a stone.
The stone hits you!
You see here a stone.
The orc warrior throws a stone.
The stone hits you.
You see here a stone.
The orc warrior throws a stone.
The stone barely misses you.
You see here a stone.
The orc warrior throws a stone.
The stone hits you!
* * * LOW HITPOINT WARNING * * *
You see here a stone.
The orc warrior throws a stone.
The stone hits you!
You die...

##### #........#
..#.# ##.#####..
##.## #.# #.# #.#
#.# #.# #.# #.# #.#
#.# #.#
#.########## #.#
#.o.(((.(@.# #.#
##########.# ##.#
#.# #..# #.#
#..##############.#
#..##.............#
#..##.#############
#.(##.# #..##.#


You could see an orc warrior.

Vanquished Creatures
  A hungry ghost (D:5)
  A phantom (D:5)
  A centaur (D:5)
  The ghost of Lennu the Conjurer, an amateur DsCj (D:3)
  An ogre (D:4)
  A crimson imp (D:5)
  A jelly (D:5)
  A giant frog zombie (D:3)
  A gnoll shaman (D:5)
  A worker ant (D:4)
  An orc wizard (D:5)
  7 gnolls
  10 adders
  2 worms
  4 dart slugs
  4 giant geckos
  11 orcs
  8 bats
  4 giant cockroaches
  7 goblins
  8 hobgoblins
  7 jackals
  11 kobolds
  5 quokkas
  3 giant newts
  A jackal skeleton (D:5)
  A quokka zombie (D:5)
  11 rats
115 creatures vanquished.

Notes
Turn   | Place    | Note
--------------------------------------------------------------
     0 | D:1      | Lennu the Demonspawn Conjurer began the quest for the Orb.
     0 | D:1      | Reached XP level 1. HP: 13/13 MP: 3/3
   472 | D:1      | Gained mutation: You are partially covered in thin metallic scales (AC +2). [demonic ancestry]
   472 | D:1      | Reached XP level 2. HP: 19/19 MP: 0/5
  1790 | D:1      | Reached XP level 3. HP: 24/24 MP: 2/6
  2177 | D:2      | Reached skill level 5 in Conjurations
  2896 | D:2      | Gained mutation: You are mostly covered in thin metallic scales (AC +3). [demonic ancestry]
  2896 | D:2      | Reached XP level 4. HP: 27/31 MP: 5/7
  3116 | D:2      | Found a glowing golden altar of the Shining One.
  3117 | D:2      | Found a basalt altar of Yredelemnul.
  3153 | D:2      | Noticed a profane servitor
  3544 | D:2      | Noticed an angel
  3662 | D:3      | Found a shattered altar of Ashenzari.
  4109 | D:3      | Reached skill level 1 in Armour
  4265 | D:3      | Found a stormy altar of Qazlal.
  4555 | D:3      | Reached XP level 5. HP: 30/36 MP: 0/8
  4566 | D:3      | Noticed Lennu's ghost (amateur DsCj)
  4585 | D:3      | Killed Lennu's ghost
  4585 | D:3      | Reached skill level 1 in Fighting
  5251 | D:3      | Gained mutation: You are completely covered in thin metallic scales (AC +4, rElec). [potion of beneficial mutation]
  5295 | D:3      | Learned a level 3 spell: Dazzling Spray
  5488 | D:3      | Gained mutation: You have a pair of small antennae on your head. [demonic ancestry]
  5488 | D:3      | Reached XP level 6. HP: 37/43 MP: 0/10
  6304 | D:4      | Reached skill level 6 in Conjurations
  6563 | D:4      | Found a sacrificial altar of Ru.
  6652 | D:5      | Entered Level 5 of the Dungeon
  6914 | D:5      | Reached XP level 7. HP: 47/48 MP: 6/11
  7745 | D:5      | Found a staircase to the Ecumenical Temple.
  7750 | Temple   | Entered the Ecumenical Temple
  8124 | D:5      | Noticed a hungry ghost
  8131 | D:5      | Killed a hungry ghost
  8493 | D:5      | Hit by a stone thrown by an orc warrior

Skill      XL: |  1  2  3  4  5  6  7 |
---------------+----------------------+-----
Conjurations   | 5 6 |  6.7
Dodging        | 2 3 |  3.8
Armour         | 1 2 3 |  3.2
Fighting       | 1 2 |  2.6
Spellcasting   | 3 |  3.5
Short Blades   | |  0.5
Stealth        | |  1.9
Hexes          | |  0.2

Action                   |  1- 3 |  4- 6 |  7- 9 || total
-------------------------+-------+-------+-------++-------
Melee: Club              |     9 |       |       ||     9
       Short sword       |    15 |    72 |    73 ||   160
 Cast: Magic Dart        |    68 |   119 |    61 ||   248
       Dazzling Spray    |       |     5 |     6 ||    11
  Use: Potion            |     7 |     4 |       ||    11
       Scroll            |     3 |     2 |     6 ||    11
 Stab: Sleeping          |     2 |     2 |     1 ||     5
       Invisible         |       |     3 |     2 ||     5
  Eat: Chunk             |     7 |     5 |       ||    12
       Bread ration      |       |     2 |     1 ||     3
       Fruit             |       |     5 |       ||     5
Armor: Robe              |     4 |     1 |       ||     5
       Leather armour    |       |    20 |    18 ||    38
Dodge: Dodged            |    16 |    60 |    53 ||   129
